 Dungeon Crawl Stone Soup version 0.31-a0-799-g6bc09d010c (webtiles) character file.

Game seed: 9336960018018156444

23240 cforsyth the Warrior (level 13, -2/97 HPs)
             Began as a Djinni Delver on Sept 19, 2023.
             Was a High Priest of Hepliaklqana.
             Collided with Sunngifu (3 damage)
             ... caused by a rakshasa (illusionary)
             ... on level 12 of the Dungeon.
             The game lasted 00:24:45 (15199 turns).

cforsyth the Warrior (Djinni Delver)               Turns: 15199, Time: 00:24:46

Health: -2/97      AC:  8    Str: 11    XL:     13   Next: 33%
Gold:   1524       EV: 12    Int: 17    God:    Hepliaklqana [*****.] SH:  0 Dex: 15

rFire   + + .        E - +5 trident (protect)
rCold   . . .        (no shield)
rNeg    + . .        T - +0 troll leather armour
rPois   ∞            a - +2 helmet
rElec   .            H - +0 cloak {rPois}
rCorr   .            x - +0 pair of gloves {hurl}
SInv    .            (boots unavailable)
Will    +....        (no amulet)
Stlth   ++           D - ring of protection from cold
HPRegen 1.16/turn    e - ring of positive energy
MPRegen 0.00/turn

%: infuse magic (-3 HP)
@: about to teleport, flying
A: reduced essence, sickness immunity, fire resistance 2, cold vulnerability 1,
float, innate caster, HP casting, extra vitality 1
a: Renounce Religion, Recall Ancestor, Ancestor Identity, Transference, Idealise


You were on level 12 of the Dungeon.
You worshipped Hepliaklqana.
Hepliaklqana was extremely pleased with you.
You visited 2 branches of the dungeon, and saw 13 of its levels.
You also visited: Sewer.

You collected 1749 gold pieces.
You spent 225 gold pieces at shops.

Inventory:

Hand Weapons
 E - a +5 trident of protection (weapon)
 J - a +4 long sword
Missiles
 G - 4 throwing nets
Armour
 a - a +2 helmet (worn)
 x - a +0 pair of gloves of hurling (worn)
 H - a +0 cloak of poison resistance (worn)
 T - a +0 troll leather armour (worn)
Magical Staves
 l - the staff "Tunefuxke" {Contam rElec Str+4 Dex+7 Air}
   (You found it in a sewer)

   [staff of air]

   Base accuracy: +5 Base damage: 5 Base attack delay: 1.2 This weapon's minimum
   attack delay (0.6) is reached at skill level 12.
   Str+4:     It affects your strength (+4).
   Dex+7:     It affects your dexterity (+7).
   rElec:     It insulates you from electricity.
   Contam:    It causes magical contamination when unequipped.
   Air:       It increases the power of your Air spells.
   It falls into the 'Staves' category.
   It is a one-handed weapon.
Jewellery
 c - a ring of wizardry
 e - a ring of positive energy (right hand)
 h - a ring of ice
 y - an amulet of faith
 D - a ring of protection from cold (left hand)
 I - a ring of resist corrosion
 Q - a ring of wizardry
Wands
 g - a wand of digging (2)
 i - a wand of polymorph (18)
 F - a wand of quicksilver (12)
 K - a wand of iceblast (13)
Scrolls
 b - a scroll of torment
 d - a scroll of poison {unknown}
 j - 3 scrolls of vulnerability {unknown}
 n - 5 scrolls of revelation
 q - 4 scrolls of enchant weapon {unknown}
 r - 2 scrolls of teleportation
 v - 3 scrolls of immolation
 B - 2 scrolls of silence {unknown}
 C - a scroll of summoning {unknown}
 M - 2 scrolls of amnesia {unknown}
 O - a scroll of fog
 P - 3 scrolls of fear
 S - a scroll of blinking {unknown}
 U - a scroll of noise {unknown}
Potions
 f - a potion of haste
 k - 3 potions of resistance
 m - a potion of invisibility {unknown}
 o - 8 potions of curing
 s - a potion of brilliance {unknown}
 t - 2 potions of attraction
 u - 4 potions of mutation
 w - 2 potions of enlightenment
 z - 2 potions of might
 A - a potion of ambrosia {unknown}
 L - a potion of degeneration {unknown}
 N - 2 potions of cancellation
 R - a potion of lignification
Miscellaneous
 p - a lightning rod (4/4)


   Skills:
 + Level 15.4 Fighting
 - Level 1.7 Long Blades
 - Level 2.1 Dodging
 - Level 4.1 Stealth
 + Level 11.5 Spellcasting
 + Level 11.5 Conjurations
 + Level 11.5 Hexes
   Level 0.0 Charms
 + Level 11.5 Summonings
 + Level 11.5 Necromancy
 + Level 11.5 Translocations
 + Level 11.5 Transmutations
 + Level 11.5 Fire Magic
 + Level 11.5 Ice Magic
 + Level 11.5 Air Magic
 + Level 11.5 Earth Magic
 + Level 11.5 Poison Magic


You knew the following spells:

 Your Spells              Type           Power      Damage    Failure   Level
a - Foxfire               Conj/Fire      100%       2x1d9     1%          1
b - Blink                 Tloc           96%        N/A       1%          2
c - Stone Arrow           Conj/Erth      96%        3d13      1%          3
d - Ignite Poison         Fire/Tmut/Pois 48%        N/A       1%          3
e - Anguish               Hex/Necr       24%        N/A       1%          4
f - Fireball              Conj/Fire      24%        3d11      2%          5
Your spell library was empty.

Dungeon Overview and Level Annotations

Branches:
Dungeon (12/15)            Temple (1/1) D:5            Lair (0/5) D:9
    Orc (0/2) D:9           Sewer (visited)

Altars:
Ashenzari
Cheibriados
Dithmenos
Elyvilon
Fedhas
Gozag
Hepliaklqana
Makhleb
Nemelex Xobeh
Okawaru
Qazlal
Ru
Trog
Uskayaw
Wu Jian
Xom
Yredelemnul
Zin
The Shining One

Shops:
D:1 :   D:2 [   D:5 [:

Annotations:
D:3 1 runed translucent door, Shayle's ghost, amateur OgSh


Innate Abilities, Weirdness & Mutations

Your life essence is reduced to manifest your ancestor. (-10% HP)
You are immune to sickness and miasma.
You are immune to poison.
Your flesh is very heat resistant. (rF++)
You are vulnerable to cold. (rC-)
You float through the air rather than walking.
You learn spells naturally, not from books.
Your magical power is your life essence.
You have superior vitality. (+4 MHP)


Message History

Casting: Foxfire (safe; 1% risk of failure)
Confirm with . or Enter, or press ? or * to list all spells.
You conjure some foxfire!
The foxfire hits the rakshasa!
The rakshasa is lightly wounded.
The foxfire hits the rakshasa but does no damage.
The rakshasa is lightly wounded.
Sunngifu hits the rakshasa with a +0 flail!
The stone arrow hits the rakshasa!!
The rakshasa is heavily wounded.
The foxfire hits the rakshasa.
The rakshasa is severely wounded.
The injured rakshasa weaves a defensive illusion!
The foxfire hits the rakshasa.
The rakshasa is severely wounded.
The foxfire hits the rakshasa but does no damage.
The rakshasa is severely wounded.
The rakshasa blinks!
The stone arrow misses the rakshasa.
Sunngifu hits the rakshasa with a +0 flail.
The rakshasa hits you from afar with a +0 trident!!
The stone arrow misses the rakshasa.
The rakshasa closely misses you.
The rakshasa barely misses Sunngifu.
You are too injured to fight recklessly!
You are too injured to fight recklessly!
As you read the scroll of teleportation, it crumbles to dust.
You feel strangely unstable.
The rakshasa hits you from afar with a +0 trident!!
The rakshasa hits Sunngifu with a +0 trident!
Sunngifu closely misses the rakshasa.
The rakshasa blinks! x2
The rakshasa completely misses you.
The rakshasa blinks!
The rakshasa hits you from afar with a +0 trident!
* * * LOW HITPOINT WARNING * * *
The rakshasa gestures at you. The lance of force hits you!!
* * * LOW HITPOINT WARNING * * *
You are knocked back by the lance of force.
You collide with Sunngifu!
Sunngifu is severely damaged.
You die...

#
##.........
#
#..........
#
##........
# #.....(..
# #......#
# #.....# #
#.....# #
#..R.## #
#..@.# #
#....# #
#....# #
#.RR.# #
#....# #
#....# #
#....# #
#....# #
#....#


You could see the friendly Sunngifu the knight and 2 rakshasas.

Vanquished Creatures
  3 two-headed ogres
  A deep elf pyromancer (D:12)
  2 deep elf zephyrmancers (D:12)
  2 manticores (D:12)
  2 cyclopes (D:12)
  An orange demon (D:8)
  A gargoyle (D:12)
  A kobold demonologist (D:11)
  3 unseen horrors
  8 trolls
  A blink frog (shapeshifter) (D:10)
  5 slime creatures (D:12)
  A wyvern (D:9)
  5 wraiths
  11 yaks
  4 humans (D:6)
  A basilisk (D:12)
  7 vampire mosquitoes
  Menkaure (D:7)
  2 acid dragons (D:12)
  Duvessa (D:4)
  2 sky beasts
  4 orc warriors
  A black bear (D:7)
  Pargi (Sewer)
  3 ice beasts
  4 ogres
  5 centaurs
  3 kobold brigands
  A bullfrog (D:9)
  4 gnoll sergeants
  9 wights
  Dowan (D:4)
  5 killer bees (D:9)
  7 howler monkeys
  8 orc priests
  Crazy Yiuf (D:7)
  3 hounds
  3 iguanas (D:5)
  3 sleepcaps
  7 orc wizards
  11 adders
  12 gnolls
  5 river rats (D:4)
  2 white imps
  An ufetubus (D:7)
  A worm (D:4)
  2 dart slugs
  19 orcs
  3 ball pythons
  7 bats
  9 endoplasms
  11 giant cockroaches
  4 goblins
  5 hobgoblins
  2 jackals (D:1)
  11 kobolds
  3 quokkas
  7 frilled lizards
  5 rats
258 creatures vanquished.

Vanquished Creatures (collateral kills)
  Fannar (D:12)
  Amaemon (D:8)
  An ugly thing (D:12)
  A manticore (D:12)
  A gargoyle (D:12)
  An unseen horror (D:12)
  A kobold demonologist (D:11)
  2 trolls (D:12)
  2 slime creatures (D:12)
  A shadow (D:12)
  2 humans (D:6)
  5 yaks
  A warg (D:9)
  An orc warrior (D:9)
  A black bear (D:6)
  A sky beast (D:6)
  An ice beast (D:6)
  A centaur (D:9)
  A bullfrog (D:8)
  4 wights (D:9)
  A killer bee (D:9)
  2 howler monkeys
  An iguana (D:5)
  2 orc wizards
  2 gnolls (D:6)
  A worm (D:3)
  3 orcs
  A hobgoblin (D:3)
  2 ball pythons
  A frilled lizard (D:1)
  A goblin (D:3)
  2 kobolds
  4 foxfires
53 creatures vanquished.

Vanquished Creatures (others)
  3 knights (D:12)
  An ancestor (D:3)
  543 foxfires
547 creatures vanquished.

Grand Total: 858 creatures vanquished

Notes
Turn   | Place    | Note
-------+----------+-------------------------------------------
     0 | D:5      | cforsyth the Djinni Delver began the quest for the Orb.
     0 | D:5      | Reached XP level 1. HP: 20/20 MP: 0/0
    33 | D:5      | Noticed an iguana
    91 | D:5      | Noticed a sleepcap
   108 | D:5      | Reached XP level 2. HP: 16/25 MP: 0/0
   147 | D:5      | Noticed a centaur
   222 | D:4      | Reached skill level 1 in Spellcasting
   222 | D:4      | Reached skill level 1 in Conjurations
   222 | D:4      | Reached skill level 1 in Hexes
   222 | D:4      | Reached skill level 1 in Summonings
   222 | D:4      | Reached skill level 1 in Necromancy
   222 | D:4      | Reached skill level 1 in Translocations
   222 | D:4      | Reached skill level 1 in Transmutations
   222 | D:4      | Reached skill level 1 in Fire Magic
   222 | D:4      | Reached skill level 1 in Ice Magic
   222 | D:4      | Reached skill level 1 in Air Magic
   222 | D:4      | Reached skill level 1 in Earth Magic
   222 | D:4      | Reached skill level 1 in Poison Magic
   222 | D:4      | Reached XP level 3. HP: 20/31 MP: 0/0
   222 | D:4      | Learned a level 1 spell: Foxfire
   268 | D:4      | Reached XP level 4. HP: 8/37 MP: 0/0
   371 | D:4      | Reached skill level 4 in Fighting
   411 | D:4      | Found a glowing drain.
   416 | Sewer    | Entered a sewer
   428 | Sewer    | Noticed Pargi
   439 | Sewer    | Killed Pargi
   440 | Sewer    | Reached XP level 5. HP: 28/42 MP: 0/0
   440 | Sewer    | Learned a level 2 spell: Blink
   440 | Sewer    | Reached XP level 6. HP: 33/49 MP: 0/0
   631 | Sewer    | Identified the staff "Tunefuxke" {Contam rElec Str+4 Dex+7
                  | Air}
   780 | D:4      | Reached skill level 5 in Fighting
   961 | D:4      | Noticed Duvessa
   961 | D:4      | Noticed Dowan
  1322 | D:5      | Noticed an ogre
  1372 | D:5      | Noticed an ogre
  1382 | D:5      | Killed an ogre
  1437 | D:5      | Reached XP level 7. HP: 22/54 MP: 0/0
  1437 | D:5      | Learned a level 3 spell: Stone Arrow
  1550 | D:5      | Found a staircase to the Ecumenical Temple.
  1558 | Temple   | Entered the Ecumenical Temple
  1567 | Temple   | Became a worshipper of Hepliaklqana the Forgotten
  2161 | D:2      | Found Asicrie's Antique Armour Shoppe.
  2202 | D:2      | Reached * piety under Hepliaklqana
  2284 | D:1      | Found Vag Muedgh's Book Boutique.
  3006 | D:2      | Bought a pair of glowing gloves for 225 gold pieces
  3909 | D:3      | Reached skill level 6 in Fighting
  3972 | D:3      | Found a runed translucent door.
  3973 | D:3      | Noticed Shayle's ghost (amateur OgSh)
  4219 | D:5      | Found Difrol's Book Boutique.
  4233 | D:5      | Reached XP level 8. HP: 46/55 MP: 0/0
  4537 | D:5      | Found Myneobro's Armour Shop.
  4620 | D:5      | Reached ** piety under Hepliaklqana
  4621 | D:5      | Remembered your ancestor Sunngifu as a knight
  4866 | D:6      | Reached skill level 7 in Fighting
  4938 | D:6      | Noticed a human
  4939 | D:6      | Noticed a human
  4948 | D:6      | Killed a human
  4949 | D:6      | Noticed a human
  4950 | D:6      | Noticed a human
  4950 | D:6      | Noticed a human
  4953 | D:6      | Noticed a human
  5603 | D:6      | Killed a human
  5604 | D:6      | Reached skill level 5 in Spellcasting
  5604 | D:6      | Reached skill level 5 in Conjurations
  5604 | D:6      | Reached skill level 5 in Hexes
  5604 | D:6      | Reached skill level 5 in Summonings
  5604 | D:6      | Reached skill level 5 in Necromancy
  5604 | D:6      | Reached skill level 5 in Translocations
  5604 | D:6      | Reached skill level 5 in Transmutations
  5604 | D:6      | Reached skill level 5 in Fire Magic
  5604 | D:6      | Reached skill level 5 in Ice Magic
  5604 | D:6      | Reached skill level 5 in Air Magic
  5604 | D:6      | Reached skill level 5 in Earth Magic
  5604 | D:6      | Reached skill level 5 in Poison Magic
  5632 | D:6      | Killed a human
  5714 | D:6      | Reached skill level 8 in Fighting
  5714 | D:6      | Reached XP level 9. HP: 53/63 MP: 0/0
  5714 | D:6      | Learned a level 3 spell: Ignite Poison
  6360 | D:6      | Reached skill level 9 in Fighting
  7176 | D:7      | Reached XP level 10. HP: 59/71 MP: 0/0
  7257 | D:7      | Noticed Menkaure
  7259 | D:7      | Killed Menkaure
  7459 | D:7      | Reached skill level 10 in Fighting
  7671 | D:7      | Found a runed translucent door.
  7672 | D:7      | Noticed Crazy Yiuf
  7887 | D:7      | Killed Crazy Yiuf
  7994 | D:4      | Killed Duvessa
  7997 | D:4      | Killed Dowan
  8631 | D:8      | Reached *** piety under Hepliaklqana
  8849 | D:8      | Found a stormy altar of Qazlal.
  9085 | D:8      | Reached skill level 11 in Fighting
  9402 | D:8      | Noticed an orange demon
  9402 | D:8      | Noticed Amaemon
  9407 | D:8      | Killed an orange demon
  9414 | D:8      | Killed Amaemon
  9415 | D:8      | Reached XP level 11. HP: 53/78 MP: 0/0
  9415 | D:8      | Learned a level 4 spell: Anguish
  9551 | D:8      | Found an iron altar of Okawaru.
  9551 | D:8      | Found a basalt altar of Yredelemnul.
 10241 | D:9      | Reached skill level 12 in Fighting
 10634 | D:9      | Found a sacrificial altar of Ru.
 10712 | D:9      | Found a staircase to the Lair.
 10758 | D:9      | Found a staircase to the Orcish Mines.
 10996 | D:9      | Found a shimmering altar of Xom.
 11183 | D:10     | Entered Level 10 of the Dungeon
 11494 | D:10     | Reached **** piety under Hepliaklqana
 13010 | D:11     | Reached skill level 13 in Fighting
 13189 | D:11     | Reached XP level 12. HP: 86/88 MP: 0/0
 13468 | D:11     | Noticed a two-headed ogre
 13477 | D:11     | Killed a two-headed ogre
 13708 | D:12     | Reached skill level 10 in Spellcasting
 13708 | D:12     | Reached skill level 10 in Conjurations
 13708 | D:12     | Reached skill level 10 in Hexes
 13708 | D:12     | Reached skill level 10 in Summonings
 13708 | D:12     | Reached skill level 10 in Necromancy
 13708 | D:12     | Reached skill level 10 in Translocations
 13708 | D:12     | Reached skill level 10 in Transmutations
 13708 | D:12     | Reached skill level 10 in Fire Magic
 13708 | D:12     | Reached skill level 10 in Ice Magic
 13708 | D:12     | Reached skill level 10 in Air Magic
 13708 | D:12     | Reached skill level 10 in Earth Magic
 13708 | D:12     | Reached skill level 10 in Poison Magic
 13972 | D:12     | Reached skill level 14 in Fighting
 14335 | D:12     | Noticed Fannar
 14341 | D:12     | Killed Fannar
 14398 | D:12     | Reached ***** piety under Hepliaklqana
 14819 | D:12     | Noticed a two-headed ogre
 14824 | D:12     | Killed a two-headed ogre
 14954 | D:12     | Reached XP level 13. HP: 88/95 MP: 0/0
 14954 | D:12     | Learned a level 5 spell: Fireball
 14999 | D:12     | Reached skill level 15 in Fighting
 15182 | D:12     | Noticed a rakshasa
 15199 | D:12     | HP: 1/97 [rakshasa (illusionary)/lance of force (19)]
 15199 | D:12     | Collided with Sunngifu

Illustrated notes

Levels and vault maps discovered:
D:1:      wander_arrival_lonely_grave, layout_loops_cross, serial_forest,
          infiniplex_forest_lined_2, infiniplex_forest_straight_3,
          infiniplex_forest_lined_corner, infiniplex_forest_lined_3,
          serial_shops, nicolae_shop_gibbet_a_chance
D:2:      layout_loops_cross, serial_shops, shop
D:3:      layout_basic, ebering_ghost_inner_flame
D:4:      layout_loops_ring, lightli_sewer_entry_pipes,
          chequers_serial_rivers_large_b, uniq_duvessa
D:5:      layout_loops_ring, minmay_temple_entry_glassed_door, serial_shops,
          nicolae_shop_trees, nicolae_shop_tiny_waterfront,
          minmay_chambers_of_fives
D:6:      layout_rooms, nicolae_kite_square_tiling_tiny,
          nicolae_zen_rock_garden, minmay_misc_feat_diagonals, hex_large,
          minmay_ruffians
D:7:      nicolae_BIG_FREAKIN_CUBE, layout_basic, kennysheep_diamond,
          uniq_menkaure, uniq_crazy_yiuf_cottage
D:8:      layout_loops_cross, nicolae_qazlal_beasts_of_the_sky,
          kennysheep_little_box, gammafunk_temple_overflow_elements,
          uniq_amaemon
D:9:      layout_basic, lair_entry_dummy, erik_orc_4, hangedman_feature_mirror,
          serial_bayou_pond_b
D:10:     layout_loops_corners, serial_bayou_ford_a
D:11:     layout_roguey, nicolae_straight_to_the_point
D:12:     minmay_nested_s, layout_basic, billiards_dpeg, uniq_fannar
Temple:   nicolae_temple_two_arcs

Skill      XL: |  1  2  3  4  5  6  7  8  9 10 11 12 13 |
---------------+----------------------------------------+-----
Spellcasting   | 1 2 3 4 5 6 8 9 10 11 | 11.5
Conjurations   | 1 2 3 4 5 6 8 9 10 11 | 11.5
Hexes          | 1 2 3 4 5 6 8 9 10 11 | 11.5
Summonings     | 1 2 3 4 5 6 8 9 10 11 | 11.5
Necromancy     | 1 2 3 4 5 6 8 9 10 11 | 11.5
Translocations | 1 2 3 4 5 6 8 9 10 11 | 11.5
Transmutations | 1 2 3 4 5 6 8 9 10 11 | 11.5
Fire Magic     | 1 2 3 4 5 6 8 9 10 11 | 11.5
Ice Magic      | 1 2 3 4 5 6 8 9 10 11 | 11.5
Air Magic      | 1 2 3 4 5 6 8 9 10 11 | 11.5
Earth Magic    | 1 2 3 4 5 6 8 9 10 11 | 11.5
Poison Magic   | 1 2 3 4 5 6 8 9 10 11 | 11.5
Fighting       | 4 5 6 8 9 11 13 14 15 | 15.4
Long Blades    | |  1.7
Dodging        | |  2.1
Stealth        | |  4.1

Action                     |  1- 3 |  4- 6 |  7- 9 | 10-12 | 13-15 || total
---------------------------+-------+-------+-------+-------+-------++-------
  Melee: Falchion          |    26 |    40 |   120 |       |       ||   186
         Punch             |     1 |     1 |       |       |       ||     2
         Trident           |       |       |       |     4 |       ||     4
   Cast: Foxfire           |     6 |    70 |   225 |    13 |     9 ||   323
         Stone Arrow       |       |       |    15 |   309 |    50 ||   374
         Fireball          |       |       |       |       |     1 ||     1
 Invoke: Recall Ancestor   |       |       |     4 |     4 |       ||     8
         Ancestor Life: Kn |       |       |     1 |       |       ||     1
  Evoke: Wand              |     1 |       |       |     1 |       ||     2
    Use: Scroll            |     2 |       |     2 |     7 |     2 ||    13
         Potion            |       |       |     1 |       |       ||     1
   Stab: Sleeping          |     2 |       |    16 |       |       ||    18
 Armour: Leather armour    |    26 |    29 |   112 |    39 |       ||   206
         Troll leather arm |       |       |       |    26 |    15 ||    41
  Dodge: Dodged            |    18 |    26 |   119 |    25 |     4 ||   192

Table legend: (Time is in decaauts)
 A = Elapsed time spent in this place.
 B = Non-inter-level travel time spent in this place.
 C = Inter-level travel time spent in this place.
 D = Time resting spent in this place.
 E = Time spent auto-exploring this place.
 F = Levels seen in this place.
 G = Mean time per level.
                   A        B        C        D        E       F      G
               +--------+--------+--------+--------+--------+-----+--------+
         Total |  15244 |  14751 |    493 |   1546 |  10668 |  14 | 1088.9 |
       Dungeon |  14979 |  14495 |    484 |   1491 |  10575 |  12 | 1248.2 |
        Temple |     18 |      9 |      9 |      0 |      0 |   1 |   18.0 |
         Sewer |    246 |    246 |      0 |     55 |     93 |   1 |  246.0 |
               +--------+--------+--------+--------+--------+-----+--------+

Top non-repeatable levels by time:
     D:5: 2197 daAuts
     D:9: 1617 daAuts
    D:12: 1605 daAuts
    D:10: 1333 daAuts
     D:6: 1263 daAuts
     D:4: 1249 daAuts
     D:8: 1231 daAuts
    D:11: 1079 daAuts
     D:3: 1060 daAuts
     D:7: 988 daAuts
     D:1: 740 daAuts
     D:2: 611 daAuts
   Sewer: 246 daAuts
  Temple: 18 daAuts
